Map: Dusk Towers

Players

ShadowedRadi

  • Race: Zerg Zerg
  • League: Diamond

MorN - Winner!

  • Race: Terran Terran
  • League: Master

VOD

Have the link to the VOD?

Description

Time

  • Played on: Nov. 22, 2015, 9:10 p.m.
  • Length: 11:21
Show
View Real Time Build Order
Export as new Build Order

ShadowedRadi Zerg 

Build Orders: Pool First, Roach Nydus 

Get SALT Encoding   

  12  0:01  Drone  
  13  0:08  Drone  
  14  0:25  Spawning Pool  
  13  0:28  Drone  
  14  0:36  Overlord  
  14  0:54  Drone x3  
  17  1:07  Drone  
  18  1:12  Queen  
  20  1:24  Hatchery  
  19  1:27  Drone  
  19  1:32  Drone, Extractor  
  20  1:42  Overlord  
  20  1:51  Queen  
  22  2:02  Drone x2  
  24  2:12  Drone  
  25  2:22  Drone x4  
  29  2:35  Queen  
  30  2:41  Lair  
  30  2:42  Overlord x2, Extractor  
  29  2:51  Drone x2  
  31  3:04  Drone x5  
  35  3:13  Roach Warren  
  34  3:25  Queen  
  36  3:44  Nydus Network  
  35  3:55  Roach x5  
  45  3:59  Queen  
  49  4:24  Roach x2  
  49  4:26  Overlord x2  
  49  4:27  Overlord  
  51  4:44  Queen  
  53  4:48  Nydus Canal  
  53  4:50  Roach x5  
  63  5:12  Roach x4  
  71  5:36  Roach x2  
  75  5:54  Roach  
  75  5:55  Overlord x3  
  73  6:03  Ravager  
  73  6:04  Ravager x2  
  72  6:06  Drone x3  
  72  6:07  Drone  
  72  6:08  Queen x2  
  58  6:27  Roach x3  
  55  6:48  Roach x3  
  55  6:49  Roach  
  55  6:50  Extractor  
  56  6:54  Extractor  
  56  7:01  Metabolic Boost  
  55  7:02  Hatchery  
  55  7:03  Drone x2  
  55  7:04  Drone  
  57  7:09  Hatchery  
  57  7:14  Roach  
  57  7:15  Roach  
  58  7:21  Ravager  
  60  7:25  Ravager  
  60  7:29  Queen  
  63  7:30  Queen  
  63  7:34  Overlord, Ravager  
  63  7:36  Zergling x8  
  70  7:45  Spine Crawler  
  69  7:52  Roach x2  
  73  8:04  Drone x3  
  73  8:05  Drone x2  
  77  8:18  Drone x4  
  81  8:24  Zergling x4  
  82  8:33  Drone x2  
  82  9:03  Glial Reconstitution  
  82  9:05  Hatchery  
  82  9:07  Overseer  
  82  9:09  Zergling x2  
  80  9:10  Zergling x6  
  80  9:14  Spire  
  82  9:19  Evolution Chamber  
  82  9:21  Evolution Chamber  
  75  9:31  Zergling x10  
  75  9:32  Zergling x4  
  79  9:51  Zergling x10  
  75  10:08  Drone x4  
  79  10:14  Spine Crawler  
  78  10:30  Drone x2  
  78  10:31  Drone x4  
  78  10:33  Infestation Pit  
  83  10:40  Drone x2  
  85  10:48  Baneling Nest  
  85  10:49  Spine Crawler  
  83  10:51  Drone x3  
  83  10:54  Drone, Extractor  
Show
View Real Time Build Order
Export as new Build Order

MorN Terran - Winner!

Build Orders: MMM Bio 

Get SALT Encoding   

  12  0:00  SCV  
  13  0:13  SCV  
  14  0:17  Supply Depot  
  14  0:25  SCV  
  15  0:38  SCV  
  15  0:40  Barracks  
  16  0:47  Refinery  
  16  0:51  SCV  
  17  1:03  SCV  
  18  1:15  SCV  
  19  1:27  SCV  
  19  1:32  Reaper  
  21  1:40  Orbital Command  
  21  1:43  Command Center  
  21  1:55  Supply Depot  
  21  2:04  Reaper  
  22  2:08  SCV  
  23  2:20  SCV  
  24  2:27  Factory  
  24  2:32  Refinery  
  24  2:33  SCV  
  25  2:45  SCV  
  25  2:48  Command Center  
  26  2:57  SCV  
  27  3:03  Barracks Reactor  
  27  3:05  Orbital Command  
  27  3:09  SCV  
  28  3:17  Starport  
  28  3:21  SCV  
  28  3:23  Factory Tech Lab  
  29  3:31  SCV  
  29  3:33  SCV  
  31  3:39  Marine x2  
  33  3:43  SCV  
  33  3:44  Siege Tank  
  33  3:45  SCV  
  38  3:55  SCV  
  38  3:58  SCV  
  38  3:59  Supply Depot, Marine x2  
  38  4:01  Orbital Command  
  38  4:02  Medivac  
  44  4:07  SCV  
  45  4:10  SCV  
  46  4:28  Barracks  
  46  4:31  Stimpack, Barracks  
  46  4:35  SCV  
  46  4:37  Refinery  
  48  4:38  Refinery  
  48  4:39  Starport Reactor, Factory Reactor, Engineering Bay  
  48  4:40  Engineering Bay  
  48  4:43  SCV  
  50  4:46  Marauder  
  50  4:54  Bunker  
  50  4:55  Supply Depot  
  50  4:57  Supply Depot  
  49  5:11  Marauder  
  45  5:17  Widow Mine x2, Marine  
  45  5:18  Medivac  
  49  5:29  Marine x2  
  49  5:32  Marine  
  52  5:37  Marine  
  50  5:43  Medivac  
  50  5:47  Marine  
  52  5:51  Marauder  
  52  5:56  Marine x2  
  42  6:04  Marine  
  42  6:11  Widow Mine  
  37  6:12  Marauder  
  37  6:14  Marine x2  
  37  6:22  Marine  
  33  6:26  SCV  
  33  6:32  Marine x2  
  32  6:33  Marauder  
  33  6:52  SCV  
  33  6:53  SCV x2  
  36  6:55  Marauder  
  38  7:05  SCV x3  
  41  7:17  SCV x3  
  41  7:21  Refinery  
  44  7:26  Marine  
  44  7:27  Marine x3  
  44  7:29  SCV x3  
  51  7:41  SCV x3  
  54  7:44  Marine x2  
  54  7:49  Marine  
  54  7:50  Marine  
  53  7:53  SCV x2  
  53  7:55  SCV  
  56  8:02  Marine x2  
  56  8:03  Terran Infantry Weapons Level 1, Terran Infantry Armor Level 1  
  56  8:05  SCV x2  
  60  8:07  Marine  
  60  8:08  Marine  
  62  8:14  Medivac  
  62  8:16  SCV  
  62  8:17  SCV  
  66  8:20  Marine x2  
  66  8:24  Combat Shields, Orbital Command  
  66  8:26  SCV  
  69  8:33  Supply Depot  
  69  8:34  Supply Depot  
  69  8:40  SCV  
  68  8:50  Marine  
  68  8:54  Marine  
  68  8:55  Marauder  
  73  8:56  SCV x2  
  73  8:58  SCV  
  75  9:03  Armory  
  75  9:08  SCV  
  75  9:09  Medivac  
  78  9:14  Factory Reactor  
  78  9:16  Marine x2  
  78  9:17  Marauder, Marine x2  
  77  9:31  SCV  
  77  9:33  Barracks  
  77  9:34  Barracks, Marine x3  
  81  9:39  Marine, Marauder  
  84  9:52  Marine x3  
  74  10:00  Marauder  
  74  10:01  Marine  
  74  10:04  Medivac  
  74  10:05  Medivac  
  74  10:06  SCV x2  
  82  10:07  SCV  
  82  10:08  Supply Depot  
  82  10:10  Supply Depot  
  83  10:18  SCV x2  
  85  10:26  Barracks Reactor x2  
  85  10:29  Marine x4  
  85  10:30  Supply Depot, Marauder, SCV x2  
  85  10:31  SCV  
  94  10:40  Widow Mine x2  
  94  10:41  Medivac  
  94  10:42  SCV  
  101  10:51  SCV x2, Marine  
  101  10:54  SCV  
  101  10:55  Supply Depot  
  107  10:59  Marine x2  
  107  11:02  Marine x2  
Tags
 
Composition
MMM Bio
Matchup
TvZ
Opening
Pool First
Replay Pack
MorN pack 2
Strategy
Roach Nydus
Add a new tag
Caveats
  • Supply blocks, unpowered buildings, or Contaminate may cause inaccurate times.
  • Supply counts are checked every 10 seconds.